 Dungeon Crawl Stone Soup version 0.18-b1-22-ge198996 (webtiles) character file.

270 Chiseanne the Magician (level 6, 33/41 HPs)
             Began as a Demonspawn Wizard on May 3, 2016.
             Quit the game on level 4 of the Dungeon.
             The game lasted 00:07:40 (3206 turns).

Chiseanne the Magician (Demonspawn Wizard)          Turns: 3206, Time: 00:07:41

Health: 33/41      AC: 10    Str:  7    XL:     6   Next: 1%
Magic:  1/12       EV: 12    Int: 22    God:
Gold:   179        SH:  0    Dex: 11    Spells: 4 memorised, 5 levels left

rFire  . . .     SeeInvis .     a - +3 dagger (speed)
rCold  . . .     Gourm    .     m - +0 robe
rNeg   . . .     Faith    .     (no shield)
rPois  .         Spirit   .     b - +0 hat
rElec  .         Dismiss  .     (no cloak)
rCorr  .         Reflect  .     (no gloves)
SustAt .         Harm     .     (no boots)
MR     .....                    (no amulet)
Stlth  ++........               (no ring)
                                e - +5 ring of protection

@: repel missiles, not resistant to hostile enchantments, unstealthy
A: hooves 1, icy blue scales 2
a: no special abilities


You were on level 4 of the Dungeon.
You were not hungry.

You visited 1 branch of the dungeon, and saw 4 of its levels.

You collected 179 gold pieces.

Inventory:

Hand Weapons
 a - a +3 dagger of speed (weapon)
Missiles
 f - 34 arrows
 l - 69 stones (quivered)
 n - 8 bolts
Armour
 b - a +0 hat (worn)
 m - a +0 robe (worn)
Jewellery
 e - a +5 ring of protection (left hand)
Wands
 s - a wand of lightning (6/15)
 t - a wand of lightning (12/15)
Scrolls
 j - a scroll of fog
 k - a scroll of teleportation
 v - a scroll of remove curse
Potions
 g - 2 potions of heal wounds
 h - a potion of curing {unknown}
 o - a potion of beneficial mutation {unknown}
 p - a potion of agility
 q - 2 potions of lignification
Books
 c - a book of Minor Magic

   Spells                             Type                      Level
   a - Magic Dart                     Conjuration                  1
   b - Blink                          Translocation                2
   c - Call Imp                       Summoning                    2
   d - Repel Missiles                 Charms/Air                   2
   e - Slow                           Hexes                        2
   f - Conjure Flame                  Conjuration/Fire             3
   g - Mephitic Cloud                 Conjuration/Poison/Air       3
Comestibles
 d - a bread ration
 i - 2 beef jerkies
 r - 3 fruits
 u - a chunk of flesh


   Skills:
 + Level 3.3 Dodging
 + Level 3.4 Stealth
 + Level 4.0 Spellcasting
 + Level 2.8 Conjurations
   Level 1.0 Summonings
 - Level 0.8 Translocations


You had 5 spell levels left.
You knew the following spells:

 Your Spells              Type           Power        Failure   Level  Hunger
a - Magic Dart            Conj           ###.         4%          1    None
b - Blink                 Tloc           N/A          14%         2    #......
c - Repel Missiles        Chrm/Air       #.....       17%         2    #......
d - Mephitic Cloud        Conj/Pois/Air  #.......     28%         3    ###....


Dungeon Overview and Level Annotations

Branches:
Dungeon (4/15)
 Temple: D:4-7

Altars:
Kikubaaqudgha


Innate Abilities, Weirdness & Mutations

You have large cloven feet.
You are mostly covered in icy blue scales (AC +3, EV -1).


Message History

You hit the orc wizard.
The orc wizard is almost dead.
The orc wizard hits you but does no damage.
You miss the orc wizard.
The orc wizard is almost dead.
The orc wizard gestures at you while chanting.
The puff of frost misses you.
You hit the orc wizard.
You kill the orc wizard!
You have reached level 6!
Your experience leads to an increase in your attributes!
Increase (S)trength, (I)ntelligence, or (D)exterity?
You feel clever.
Your demonic ancestry asserts itself...
Your feet thicken and deform.
q - 2 potions of lignification (gained 1)
You now have 179 gold pieces (gained 20).
Things that are here:
a dagger; a robe There isn't anything to butcher here.
Are you sure you want to abandon this character and quit the game? (Confirm with "yes".)

......# .......
...)... ....)..
....... .......
####....... #.@)..#
#.....#
#####.....###
#............. #.#
###........#####
#.######..........#
##.#...............#
.#.#.####..........#
.#.#.####...[......#


There were no monsters in sight!

Vanquished Creatures
  2 orc priests (D:4)
  4 orc wizards
  4 adders
  2 oozes
  A worm (D:2)
  A dart slug (D:1)
  2 giant geckos
  4 orcs
  A bat zombie (D:3)
  3 giant cockroaches
  5 goblins
  2 jackals (D:3)
  8 bats
  2 giant newts
  10 kobolds
  9 rats (D:1)
  2 rat zombies (D:3)
62 creatures vanquished.

Notes
Turn   | Place    | Note
--------------------------------------------------------------
     0 | D:1      | Chiseanne the Demonspawn Wizard began the quest for the Orb.
     0 | D:1      | Reached XP level 1. HP: 13/13 MP: 4/4
   265 | D:1      | Gained mutation: You are partially covered in icy blue scales (AC +1). [demonic ancestry]
   265 | D:1      | Reached XP level 2. HP: 19/19 MP: 4/6
  1104 | D:2      | Gained mutation: You are mostly covered in icy blue scales (AC +3, EV -1). [demonic ancestry]
  1104 | D:2      | Reached XP level 3. HP: 24/24 MP: 2/7
  1774 | D:2      | Reached XP level 4. HP: 30/30 MP: 2/9
  1892 | D:2      | Learned a level 2 spell: Blink
  1895 | D:2      | Learned a level 2 spell: Repel Missiles
  1899 | D:2      | Learned a level 3 spell: Mephitic Cloud
  2463 | D:3      | Found an ancient bone altar of Kikubaaqudgha.
  3035 | D:4      | Reached XP level 5. HP: 35/35 MP: 3/10
  3180 | D:4      | Reached skill level 4 in Spellcasting
  3202 | D:4      | Gained mutation: You have large cloven feet. [demonic ancestry]
  3202 | D:4      | Reached XP level 6. HP: 33/41 MP: 1/12
  3206 | D:4      | Quit the game

Skill      XL: |  1  2  3  4  5 |
---------------+----------------+-----
Stealth        | 2 3 |  3.4
Dodging        | 2 3 |  3.3
Conjurations   | 2 |  2.8
Spellcasting   | 4 |  4.0
Summonings     | |  1.0
Translocations | |  0.8

Action                   |  1- 3 |  4- 6 || total
-------------------------+-------+-------++-------
Melee: Club              |     2 |       ||     2
       Dagger            |    19 |    40 ||    59
 Cast: Magic Dart        |    85 |    67 ||   152
       Mephitic Cloud    |       |     2 ||     2
       Repel Missiles    |       |     1 ||     1
  Use: Scroll            |     4 |     6 ||    10
 Stab: Confused          |       |     2 ||     2
  Eat: Chunk             |     1 |     4 ||     5
       Fruit             |       |     2 ||     2
Armor: Robe              |     9 |    10 ||    19
Dodge: Dodged            |    26 |    15 ||    41
       Deflected         |       |     1 ||     1
